 Dungeon Crawl Stone Soup version bcrawl-1.34.4 (webtiles) character file.

Game seed: 10357512933502528369

461875 KristoblXynda the Warrior (level 16, -2/149 HPs)
             Began as a Purple Draconian Gladiator on Oct 21, 2021.
             Was a High Priest of Ashenzari.
             Slain by a nagaraja
             ... wielding a +0 club
              (15 damage)
             ... on level 1 of the Depths.
             The game lasted 01:10:27 (28992 turns).

KristoblXynda the Warrior (DrGl)                   Turns: 28992, Time: 01:10:28

Health: -2/149     AC: 16    Str: 19    XL:     16   Next: 27%
Magic:  30/30      EV: 21    Int: 13    God:    Ashenzari [*****.]
Gold:   1239       SH: 16    Dex: 21    Spells: 31/35 levels left

rFire    + . .     SeeInvis +   G - +3 long sword (slice)
rCold    + . .     Gourm    .   u - +1 buckler (curse)
rNeg     . . .     Faith    .   (armour unavailable)
rPois    .         Spirit   .   h - +2 hat {MR+} (curse)
rElec    +         Reflect  .   A - scarf {rC+ rF+}
rCorr    .         Harm     .   v - +1 pair of gloves
MR       ++++.     Clarity  +   Q - +2 pair of boots (curse)
Stlth    ++........             J - amulet of Vision {SInv *Curse} (curse)
HPRegen  0.74/turn              s - +4 ring of dexterity
MPRegen  0.22/turn              d - ring of Life {rElec MR+ Dex+4} (curse)

@: lethally poisoned (-2 -> -2), constricted
A: breathe power, unfitting armour, claws 1, regeneration 1, cold-blooded, AC +9
a: Breathe Dispelling Energy, Curse Item, Scrying, Transfer Knowledge, Renounce
Religion


You were on level 1 of the Depths.
You worshipped Ashenzari.
Ashenzari was extremely pleased with you.
You were hungry.

You visited 6 branches of the dungeon, and saw 22 of its levels.
You visited 1 bazaar.
You also visited: Ossuary.

You collected 2233 gold pieces.
You spent 994 gold pieces at shops.

Inventory:

Hand Weapons
 G - a +3 long sword of slicing (weapon)
 N - a +0 scimitar
Missiles
 c - 2 throwing nets (quivered) {=f}
Armour
 h - a cursed +2 hat of magic resistance (worn)
 u - a cursed +1 buckler (worn)
 v - a +1 pair of gloves (worn)
 A - a scarf of resistance (worn)
 Q - a cursed +2 pair of boots (worn)
Jewellery
 d - the cursed ring of Life (right hand) {rElec MR+ Dex+4}
   (You found it on level 8 of the Dungeon)

   [ring of dexterity]

   It affects your dexterity (+4).
   It insulates you from electricity.
   It affects your resistance to hostile enchantments.
   It has a curse placed upon it.
 s - a +4 ring of dexterity (left hand)
 J - the cursed amulet of Vision (around neck) {SInv *Curse}
   (You found it in the Ecumenical Temple)

   [amulet of nothing]

   It lets you see invisible.
   It curses itself when equipped.
   It has a curse placed upon it.
Wands
 a - a wand of paralysis (4)
 F - a wand of disintegration (10)
 L - a wand of acid (3)
Scrolls
 i - 7 scrolls of identify
 k - 9 scrolls of remove curse
 m - 6 scrolls of immolation
 n - 3 scrolls of enchant weapon
 q - 3 scrolls of fear
 r - 9 scrolls of teleportation
 x - 2 scrolls of fog
 H - 4 scrolls of magic mapping
 P - a scroll of amnesia
Potions
 f - a potion of resistance
 g - 6 potions of curing
 l - 2 potions of haste
 o - a potion of might
 p - 2 potions of heal wounds
 t - 5 potions of flight
 z - a potion of cancellation
 D - a potion of magic
 I - 3 potions of mutation
 K - 3 potions of brilliance
Miscellaneous
 b - a phial of floods (inert)
 C - a box of beasts
Comestibles
 e - 35 rations {!d}


   Skills:
 + Level 15.0 Fighting
 + Level 15.0 Long Blades
 - Level 3.2 Throwing
 + Level 12.9 Dodging
 + Level 9.2(12.4) Shields
 - Level 10.0 Spellcasting
 + Level 5.7(9.0) Hexes
 - Level 10.0(12.9) Evocations


You had 31 spell levels left.
You knew the following spells:

 Your Spells              Type           Power        Failure   Level  Hunger
b - Summon Butterflies    Summ           #.......     14%         1    None
c - Tukima's Dance        Hex            ####....     1%          3    None

Your spell library contained the following spells:

 Spells                   Type           Power        Failure   Level  Hunger
 Apportation              Tloc           #.....       14%         1    None
 Beckoning                Tloc           #.........   38%         3    None
 Invisibility             Hex            ####....     52%         6    #####..
 Silence                  Hex/Air        ###.......   54%         5    ####...
 Iskenderun's Battlesphe  Conj/Chrm      #.......     98%         5    ####...
 Piercing Shot            Chrm           #.........   98%         5    ####...
 Summon Lightning Spire   Summ/Air       #.......     98%         5    ####...
 Discord                  Hex            ####......   98%         7    ######.
 Conjure Ball Lightning   Conj/Air       #.........   100%        6    #####..
 Deflect Missiles         Chrm/Air       #.........   100%        6    #####..
 Infestation              Hex/Tmut/Pois  ###......    100%        6    #####..
 Tornado                  Tloc/Air       #.........   100%        8    #######


Dungeon Overview and Level Annotations

Branches:
Dungeon (12/12)            Temple (1/1) D:6            Lair (6/6) D:8
  Swamp (0/3) Lair:4        Snake (0/3) Lair:4        Slime (0/5) Lair:6
    Orc (1/1) D:11            Elf (1/3) Orc          Vaults (0/3) D:11
 Depths (1/5) D:12

Altars:
Ashenzari
Cheibriados
Dithmenos
Elyvilon
Fedhas
Gozag
Hepliaklqana
Kikubaaqudgha
Lugonu
Makhleb
Nemelex Xobeh
Okawaru
Qazlal
Ru
Sif Muna
Trog
Uskayaw
Vehumet
Wu Jian
Xom
Yredelemnul
Zin
The Shining One
Beogh
Jiyva

Shops:
D:9 [   Orc *(%}   Depths:1 ?

Portals:
Abyss: Depths:1
Pandemonium: Orc

Annotations:
D:9 2 runed doors, exclusion: orange crystal statue


Innate Abilities, Weirdness & Mutations

You can breathe bolts of dispelling energy.
Your rich purple scales are hard. (AC +9)
You cannot fit into any form of body armour.
You are cold-blooded and may be slowed by cold attacks.
You have sharp fingernails.
Your natural rate of healing is unusually fast.


Message History

You barely miss the guardian serpent.
The guardian serpent is almost dead.
The guardian serpent hits you!
* * * LOW HITPOINT WARNING * * *
The nagaraja is engulfed in blazing flames.
The nagaraja gestures at you while chanting.
You block the poison arrow.
* * * LOW HITPOINT WARNING * * *
The nagaraja constricts you.
You hear a shout!
No path to travel!
You hit the guardian serpent.
Snnnck.
The guardian serpent is almost dead.
You feel sick. The guardian serpent hits you.
* * * LOW HITPOINT WARNING * * *
The deep troll is engulfed in blazing flames.
The guardian serpent weaves intricate patterns with the tip of its tongue.
The nagaraja is engulfed in blazing flames.
The nagaraja hits you with a +0 club!
You die...

###..##.#.....# ..#..#
.##....# .###.#
.##....#
##.#'#####....#
.#......#...#.#
.#......###...#
.'......##....#
##....#.#####.#######
'.....#........S@NTN##
#.....#############.S#
##....##############.#
.#.#.............{{.{#
.###..#############..#
...##.#{∆∆{ {, ,#..#
...##.#∆{∆ , { * #{.#
.Q.##.#∆∆∆* {*∆ ,#k.#
..)##.# * *,* ,{*,#.N#


You could see 2 nagarajas, a deep troll and 2 guardian serpents.

Vanquished Creatures
  Sojobo (D:12)
  Gastronok (Lair:2)
  Kirke (Lair:3)
  A tengu reaver (Depths:1)
  A fire giant (D:12)
  An orc warlord (Orc)
  A stone giant (Depths:1)
  2 vampire knights
  2 ettins
  Josephine (D:10)
  Fannar (D:11)
  Harold (Lair:1)
  4 catoblepae (Lair:6)
  12 hydras
  An anaconda (Lair:6)
  5 centaur warriors
  A great orb of eyes (Depths:1)
  12 two-headed ogres
  2 ogre magi
  3 deep troll earth magi (Depths:1)
  An orc high priest (Orc)
  A tengu warrior (D:11)
  8 death yaks (Lair:6)
  2 deep trolls
  A sixfirhy (Orc)
  4 unseen horrors
  2 gelid demonspawn (Orc)
  A wizard (D:12)
  2 lindwurms
  7 orc knights
  A deep elf archer (D:12)
  A torturous demonspawn (Orc)
  2 deep elf magi
  7 ugly things
  2 manticores (Lair:6)
  12 orc sorcerers
  A salamander (shapeshifter) (Depths:1)
  An elephant (Lair:3)
  A naga mage (Depths:1)
  4 black mambas
  A rust devil (Orc)
  3 large abominations (Depths:1)
  13 cane toads
  A torpor snail (Lair:6)
  A kobold demonologist (D:11)
  A freezing wraith (D:11)
  A rime drake (Lair:1)
  8 komodo dragons
  8 yaktaurs
  A tengu conjurer (D:11)
  A red devil (Orc)
  A polar bear (Lair:3)
  3 trolls
  13 blink frogs
  8 hippogriffs
  A vampire (D:7)
  7 wraiths
  A shadow (D:12)
  3 water elementals
  2 ynoxinuls (Orc)
  2 spriggans (shapeshifter)
  A spriggan (D:8)
  A wyvern (Lair:3)
  2 humans (D:7)
  6 basilisks
  55 yaks
  Grum (D:9)
  A chaos spawn (Depths:1)
  2 wargs
  5 nagas
  13 crocodiles
  22 water moccasins
  A porcupine (shapeshifter) (D:11)
  A soldier ant (shapeshifter) (D:12)
  A swamp drake (Lair:1)
  15 porcupines
  2 soldier ants
  An ice beast (D:9)
  An eye of draining (D:12)
  25 orc warriors
  A sky beast (D:8)
  2 necrophages
  3 black bears
  14 ogres
  3 phantoms
  7 wolves
  8 small abominations (Depths:1)
  3 centaurs
  4 big kobolds (D:11)
  16 bullfrogs
  3 gnoll sergeants (D:11)
  4 scorpions
  8 killer bees
  4 electric eels
  4 howler monkeys
  5 wights (D:8)
  19 orc priests
  6 crimson imps
  5 centaur zombies
  A bullfrog zombie (D:5)
  8 centaur skeletons
  6 jellies
  4 hounds
  A human zombie (Ossuary)
  10 orc wizards
  An iguana (D:8)
  8 worker ants
  3 mummies (Ossuary)
  13 gnolls
  28 adders
  4 shadow imps
  2 oozes
  2 adder skeletons (D:4)
  3 adder zombies
  9 worms
  3 dart slugs
  8 leopard geckos
  56 orcs
  2 ball pythons
  12 bats
  A giant cockroach (D:1)
  14 goblins
  5 hobgoblins
  14 jackals
  8 kobolds
  5 quokkas
  A frilled lizard (D:2)
  A goblin skeleton (D:5)
  4 goblin zombies
  3 hobgoblin zombies
  5 kobold zombies
  2 orc skeletons (D:5)
  A quokka skeleton (D:4)
  7 quokka zombies (Ossuary)
  7 rats
  4 rat zombies (Ossuary)
  A plant (Lair:6)
737 creatures vanquished.

Vanquished Creatures (others)
  A komodo dragon (Lair:4)
  A blink frog (Lair:4)
  A human (Lair:4)
  A howler monkey (D:12)
  A jelly (D:8)
  2 adders
  A quokka (D:2)
  6 fungi
  25 plants
39 creatures vanquished.

Grand Total: 776 creatures vanquished

Notes
Turn   | Place    | Note
-------+----------+-------------------------------------------
     0 | D:1      | KristoblXynda the Draconian Gladiator began the quest for
                  | the Orb.
     0 | D:1      | Reached XP level 1. HP: 19/19 MP: 1/1
   238 | D:1      | Reached XP level 2. HP: 26/26 MP: 2/2
   622 | D:1      | Reached XP level 3. HP: 33/33 MP: 3/3
  1206 | D:2      | Reached XP level 4. HP: 34/40 MP: 4/4
  1713 | D:2      | Found a radiant altar of Vehumet.
  1851 | D:2      | Found a corrupted altar of Lugonu.
  2017 | D:3      | Found a hazy altar of Hepliaklqana.
  2263 | D:3      | Reached XP level 5. HP: 43/47 MP: 5/5
  3096 | D:3      | Found a shimmering blue altar of Sif Muna.
  3403 | D:4      | Reached XP level 6. HP: 30/53 MP: 6/6
  3653 | D:4      | Reached skill level 1 in Shields
  3868 | D:4      | Reached skill level 5 in Fighting
  3868 | D:4      | Reached skill level 5 in Long Blades
  4067 | D:4      | Your scales start taking on a rich purple colour.
  4067 | D:4      | Reached XP level 7. HP: 51/61 MP: 7/7
  4298 | D:5      | Entered Level 5 of the Dungeon
  4422 | D:5      | Found a glowing golden altar of the Shining One.
  4486 | D:5      | Found a basalt altar of Yredelemnul.
  4489 | D:5      | Found a bloodstained altar of Trog.
  4890 | D:5      | Found a hide-covered altar of Uskayaw.
  5143 | D:6      | Found a sand-covered staircase.
  5158 | Ossuary  | Entered an ossuary
  5173 | Ossuary  | Reached XP level 8. HP: 70/70 MP: 8/8
  5579 | D:6      | Reached skill level 5 in Dodging
  5815 | D:6      | Found a stormy altar of Qazlal.
  6226 | D:6      | Found a staircase to the Ecumenical Temple.
  7106 | D:7      | Reached XP level 9. HP: 58/78 MP: 9/9
  7455 | D:7      | Found an iron altar of Okawaru.
  7597 | D:7      | Reached skill level 5 in Shields
  7931 | Temple   | Entered the Ecumenical Temple
  7985 | Temple   | Became a worshipper of Ashenzari the Shackled
  7986 | Temple   | Found the cursed amulet of Vision {SInv *Curse}
  8336 | D:8      | Identified the ring of Life {rElec MR+ Dex+4}
  8471 | D:8      | Found a glowing golden altar of the Shining One.
  8490 | D:8      | Reached XP level 10. HP: 67/87 MP: 10/10
  8574 | D:8      | Reached skill level 1 in Evocations
  8957 | D:8      | Reached skill level 10 in Long Blades
  9350 | D:8      | Found a staircase to the Lair.
  9743 | D:9      | Noticed an unseen horror
  9781 | D:9      | Killed an unseen horror
  9875 | D:9      | Learned a level 5 spell: Iskenderun's Battlesphere
  9950 | D:9      | Reached XP level 11. HP: 49/96 MP: 14/14
 10157 | D:9      | Noticed Grum
 10359 | D:9      | Killed Grum
 10484 | D:9      | Found a glowing silver altar of Zin.
 10630 | D:9      | Reached skill level 5 in Evocations
 10974 | D:9      | Found a snail-covered altar of Cheibriados.
 11044 | D:9      | Found a sacrificial altar of Ru.
 11051 | D:9      | Reached * piety under Ashenzari
 11109 | D:9      | Found a runed door.
 11125 | D:9      | Found a runed door.
 11128 | D:9      | Noticed an orange crystal statue
 11228 | D:9      | Found the +10 large shield of Ignorance {rN+ Int-4}
 11326 | D:9      | Found Fozaviomm's Antique Armour Shoppe.
 11399 | D:10     | Entered Level 10 of the Dungeon
 11507 | D:10     | Noticed Josephine
 11551 | D:10     | Reached skill level 10 in Fighting
 11553 | D:10     | Killed Josephine
 11937 | D:10     | Noticed a six-headed hydra
 11946 | D:10     | Killed a six-headed hydra
 12561 | D:11     | Noticed an orc knight
 12584 | D:11     | Killed an orc knight
 12751 | D:11     | Noticed a five-headed hydra
 12767 | D:11     | Killed an eight-headed hydra
 12768 | D:11     | Reached XP level 12. HP: 65/108 MP: 17/17
 13172 | D:11     | Noticed a two-headed ogre
 13189 | D:11     | Killed a two-headed ogre
 13190 | D:11     | Reached skill level 1 in Spellcasting
 13546 | D:11     | Gained mutation: You possess an exceptional clarity of
                  | mind. [potion of mutation]
 13546 | D:11     | Gained mutation: You are clumsy. (Dex -2) [potion of
                  | mutation]
 13546 | D:11     | Gained mutation: Your mind is acute. (Int +2) [potion of
                  | mutation]
 13546 | D:11     | Gained mutation: Your tail ends in a poisonous barb.
                  | [potion of mutation]
 13568 | D:11     | Noticed a six-headed hydra
 13582 | D:11     | Killed a seven-headed hydra
 13902 | D:11     | Found a shimmering altar of Xom.
 13963 | D:11     | Noticed an eye of devastation
 14566 | D:11     | Noticed a centaur warrior
 14580 | D:11     | Killed a centaur warrior
 14684 | D:11     | Lost mutation: Your tail ends in a poisonous barb. [potion
                  | of mutation]
 14684 | D:11     | Lost mutation: You are clumsy. (Dex -2) [potion of
                  | mutation]
 14684 | D:11     | Lost mutation: You possess an exceptional clarity of mind.
                  | [potion of mutation]
 14684 | D:11     | Gained mutation: Scrolls take you a little longer to read.
                  | [potion of mutation]
 14684 | D:11     | Gained mutation: You have large cloven feet. [potion of
                  | mutation]
 14685 | D:11     | Lost mutation: Scrolls take you a little longer to read.
                  | [potion of mutation]
 14685 | D:11     | Lost mutation: Your mind is acute. (Int +2) [potion of
                  | mutation]
 14685 | D:11     | Lost mutation: You have large cloven feet. [potion of
                  | mutation]
 14685 | D:11     | Gained mutation: Your spells are a little easier to cast,
                  | but a little less powerful. [potion of mutation]
 14685 | D:11     | Gained mutation: You are dopey. (Int -2) [potion of
                  | mutation]
 14685 | D:11     | Gained mutation: You are resistant to hostile enchantments.
                  | (MR+) [potion of mutation]
 14686 | D:11     | Lost mutation: Your spells are a little easier to cast, but
                  | a little less powerful. [potion of mutation]
 14686 | D:11     | Lost mutation: You are resistant to hostile enchantments.
                  | (MR+) [potion of mutation]
 14686 | D:11     | Lost mutation: You are dopey. (Int -2) [potion of mutation]
 14686 | D:11     | Gained mutation: Your natural rate of healing is unusually
                  | fast. [potion of mutation]
 14686 | D:11     | Gained mutation: You have sharp fingernails. [potion of
                  | mutation]
 14713 | D:11     | Found a staircase to the Orcish Mines.
 15031 | D:11     | Found a gate to the Vaults.
 15337 | D:12     | Entered Level 12 of the Dungeon
 15338 | D:12     | Noticed Fannar
 15462 | D:11     | Killed Fannar
 15559 | D:12     | Noticed a two-headed ogre
 15570 | D:12     | Noticed an ettin
 15571 | D:12     | Killed a two-headed ogre
 15572 | D:12     | Reached skill level 10 in Dodging
 15590 | D:12     | Killed an ettin
 15591 | D:12     | Reached skill level 5 in Spellcasting
 15610 | D:12     | Noticed a tengu warrior
 15634 | D:11     | Killed a tengu warrior
 15900 | D:12     | Noticed a two-headed ogre
 15914 | D:11     | Killed a two-headed ogre
 16283 | D:12     | Found a staircase to the Depths.
 16351 | D:12     | Reached XP level 13. HP: 117/117 MP: 21/21
 16357 | D:12     | Reached ** piety under Ashenzari
 16541 | D:12     | Found a hide-covered altar of Uskayaw.
 17806 | Orc      | Entered the Orcish Mines
 17807 | Orc      | Found a flickering gateway to a bazaar.
 17812 | Orc      | Found a roughly hewn altar of Beogh.
 17829 | Bazaar   | Entered a bazaar
 17843 | Bazaar   | Found Feamunk's Magic Scroll Shoppe.
 17843 | Bazaar   | Found Nihoid's General Store.
 17848 | Bazaar   | Bought a potion of might for 52 gold pieces
 17878 | Bazaar   | Found Beicwaju's Magic Scroll Emporium.
 17919 | Bazaar   | Bought a scroll of remove curse for 21 gold pieces
 17919 | Bazaar   | Bought a scroll of remove curse for 21 gold pieces
 17919 | Bazaar   | Bought a scroll of remove curse for 21 gold pieces
 17919 | Bazaar   | Bought a scroll of identify for 14 gold pieces
 17919 | Bazaar   | Bought a scroll of teleportation for 21 gold pieces
 17946 | Bazaar   | Bought a ration for 65 gold pieces
 17946 | Bazaar   | Bought a scroll of identify for 26 gold pieces
 17946 | Bazaar   | Bought a scroll of teleportation for 39 gold pieces
 17952 | Bazaar   | Bought a scroll of enchant armour for 52 gold pieces
 17952 | Bazaar   | Bought a scroll of remove curse for 21 gold pieces
 17952 | Bazaar   | Bought a scroll of identify for 14 gold pieces
 17952 | Bazaar   | Bought a scroll of blinking for 52 gold pieces
 18063 | Orc      | Learned a level 1 spell: Summon Butterflies
 18329 | D:11     | Learned a level 3 spell: Tukima's Dance
 18724 | Orc      | Found Numor's General Store.
 18818 | Orc      | Found Zotyfill's Food Shop.
 19339 | Orc      | Noticed an orc warlord
 19375 | Orc      | Killed an orc warlord
 19608 | Orc      | Found a staircase to the Elven Halls.
 19887 | Orc      | Reached XP level 14. HP: 127/127 MP: 25/25
 20542 | Orc      | Found Niunn's Antique Weapon Emporium.
 20542 | Orc      | Found Sezabix's Gadget Shoppe.
 20542 | Orc      | Found a one-way gate leading to the halls of Pandemonium.
 20635 | Orc      | Bought a wand of paralysis (12) for 182 gold pieces
 20639 | Orc      | Bought a wand of disintegration (12) for 113 gold pieces
 20639 | Orc      | Bought a box of beasts for 280 gold pieces
 20697 | Elf:1    | Entered Level 1 of the Elven Halls
 20904 | Lair:1   | Entered Level 1 of the Lair of Beasts
 21018 | Lair:1   | Noticed Harold
 21043 | Lair:1   | Killed Harold
 21931 | Lair:2   | Reached skill level 10 in Evocations
 21938 | Lair:2   | Reached *** piety under Ashenzari
 22404 | Lair:2   | Noticed Gastronok
 22418 | Lair:2   | Killed Gastronok
 23024 | Lair:3   | Identified the cursed ring "Nir Usul" {Str+4 Dex-4 Stlth--}
 23763 | Lair:4   | Found a staircase to the Snake Pit.
 23775 | Lair:4   | Noticed Kirke
 23865 | Lair:3   | Killed Kirke
 24228 | Lair:4   | Found a staircase to the Swamp.
 25181 | Lair:5   | Reached XP level 15. HP: 103/137 MP: 28/28
 25416 | Lair:6   | Entered Level 6 of the Lair of Beasts
 25416 | Lair:6   | Reached **** piety under Ashenzari
 25735 | Lair:6   | Found a staircase to the Slime Pits.
 25736 | Lair:6   | Found a viscous altar of Jiyva.
 26147 | Lair:6   | Reached skill level 10 in Spellcasting
 26399 | Lair:6   | Reached skill level 1 in Hexes
 27356 | Depths:1 | Entered Level 1 of the Depths
 27373 | Depths:1 | Noticed a fire giant
 27458 | D:12     | Killed a fire giant
 27895 | Depths:1 | Found a one-way gate to the infinite horrors of the Abyss.
 28234 | Depths:1 | Noticed a tengu reaver
 28267 | Depths:1 | Killed a tengu reaver
 28268 | Depths:1 | Reached XP level 16. HP: 70/147 MP: 30/30
 28383 | Depths:1 | Found Xol Osa's Magic Scroll Boutique.
 28428 | Depths:1 | Reached skill level 5 in Hexes
 28494 | Depths:1 | Reached ***** piety under Ashenzari
 28623 | Depths:1 | Noticed a tengu reaver
 28624 | Depths:1 | Noticed a tengu reaver
 28626 | Depths:1 | Noticed Sojobo
 28707 | D:12     | Killed Sojobo
 28936 | Depths:1 | Reached skill level 15 in Fighting
 28948 | Depths:1 | Reached skill level 15 in Long Blades
 28992 | Depths:1 | Slain by a nagaraja

Skill      XL: |  1  2  3  4  5  6  7  8  9 10 11 12 13 14 15 16 |
---------------+-------------------------------------------------+-----
Throwing       | 2 3 |  3.2
Dodging        | 3 4 5 6 7 9 10 11 12 | 12.9
Fighting       | 4 5 6 8 9 10 11 12 13 14 15 | 15.0
Long Blades    | 4 5 6 7 9 10 11 12 13 14 15 | 15.0
Shields        | 1 2 4 5 6 8 9 |  9.2
Evocations     | 4 7 9 10 | 10.0
Spellcasting   | 5 7 9 10 | 10.0
Hexes          | 4 5 |  5.7

Action                   |  1- 3 |  4- 6 |  7- 9 | 10-12 | 13-15 | 16-18 || total
-------------------------+-------+-------+-------+-------+-------+-------++-------
Melee: Long sword        |    18 |    15 |   497 |  1054 |  2168 |   147 ||  3899
       Dagger            |   121 |   236 |    24 |       |       |       ||   381
       Tailslap          |    11 |    37 |    95 |   215 |   530 |    38 ||   926
Throw: Throwing net      |       |       |     2 |     3 |     6 |       ||    11
Invok: Curse Item        |       |       |     1 |       |     2 |       ||     3
 Abil: Breathe Dispellin |       |       |    11 |    18 |     4 |       ||    33
Evoke: Wand              |       |       |     1 |     9 |    44 |     3 ||    57
       Box of beasts     |       |       |       |       |     1 |     1 ||     2
       Phial of floods   |       |       |       |       |       |     1 ||     1
  Use: Potion            |     1 |       |     6 |    12 |     7 |     5 ||    31
       Scroll            |       |     5 |     7 |    14 |    15 |     3 ||    44
 Stab: Sleeping          |     2 |     1 |     1 |       |     4 |       ||     8
       Paralysed         |       |       |       |     1 |    85 |       ||    86
       Held in net/web   |       |       |       |     3 |     7 |       ||    10
       Distracted        |       |       |       |       |     2 |       ||     2
       Petrified         |       |       |       |       |    10 |       ||    10
  Eat: Chunk             |     4 |    14 |    14 |    35 |    50 |     1 ||   118
       Ration            |       |       |     4 |     4 |     6 |     1 ||    15
Armor: Skin              |    59 |    75 |   133 |   117 |   166 |    18 ||   568
Dodge: Dodged            |   111 |   119 |   255 |   481 |   846 |   111 ||  1923
Block: Buckler           |       |     8 |   185 |   472 |  1127 |   130 ||  1922
